 Dungeon Crawl Stone Soup version 0.17-a0-1596-g1e86911 (webtiles) character file.

95 urechis the Chiller (level 4, 0/30 HPs)
             Began as a Merfolk Ice Elementalist on July 31, 2015.
             Killed from afar by cireshan's ghost (8 damage)
             ... with a magic dart
             ... on level 3 of the Dungeon.
             The game lasted 00:05:17 (1871 turns).

urechis the Chiller (Merfolk Ice Elementalist)      Turns: 1871, Time: 00:05:17

Health: 0/30       AC:  2    Str:  9    XL:     4   Next: 65%
Magic:  7/7        EV: 13    Int: 14    God:
Gold:   106        SH:  0    Dex: 14    Spells: 1 memorised, 6 levels left

rFire  . . .     SeeInvis .     d - +0 dagger
rCold  . . .     Clarity  .     a - +0 robe
rNeg   . . .     SustAt   .     (no shield)
rPois  .         Gourm    .     (no helmet)
rElec  .         Spirit   .     (no cloak)
rCorr  .         Warding  .     (no gloves)
rMut   .         Stasis   .     (no boots)
MR     .....                    (no amulet)
Stlth  ++........               (no ring)
                                (no ring)

@: not resistant to hostile enchantments, unstealthy
A: change form in water, swift swim
a: no special abilities


You were on level 3 of the Dungeon.
You were not hungry.

You visited 1 branch of the dungeon, and saw 3 of its levels.

You collected 106 gold pieces.

Inventory:

Hand weapons
 d - a +0 dagger (weapon)
 o - a +0 trident
Armour
 a - a +0 robe (worn)
 p - a +0 leather armour
Scrolls
 e - 3 scrolls of enchant weapon {unknown}
 h - a scroll of fear {unknown}
 i - 2 scrolls of teleportation {unknown}
 k - a scroll of recharging {unknown}
 n - a scroll of identify {unknown}
Potions
 f - a potion of invisibility {unknown}
 g - a potion of poison {unknown}
 j - 2 potions of brilliance {unknown}
 l - a potion of heal wounds {unknown}
 q - a potion of agility {unknown}
Books
 b - a book of Frost

   Spells                             Type                      Level
   a - Freeze                         Ice                          1
   b - Throw Frost                    Conjuration/Ice              2
   c - Ozocubu's Armour               Charms/Ice                   3
   d - Throw Icicle                   Conjuration/Ice              4
   e - Summon Ice Beast               Ice/Summoning                4
   f - Condensation Shield            Ice                          4
Comestibles
 c - 3 bread rations
 m - a beef jerky


   Skills:
 - Level 2.6 Dodging
 - Level 2.1 Stealth
 - Level 2.0 Spellcasting
   Level 0.7 Conjurations
 + Level 5.7 Ice Magic


You had 6 spell levels left.
You knew the following spells:

 Your Spells              Type           Power        Failure   Level  Hunger
a - Freeze                Ice            ###.         2%          1    ##.....


Dungeon Overview and Level Annotations

Branches:
Dungeon (3/15)

Altars:
Dithmenos
Okawaru

Annotations:
D:3 cireshan's ghost, average DECj


Message History

You kill the goblin!
Things that are here:
a club; a goblin corpse Cireshan's ghost (average Deep Elf Conjurer) comes into view.
Cireshan's ghost shrieks, "To die, to sleep, no more."
Things that are here:
a club; a goblin corpse
Found a shadowy altar of Dithmenos.
Found a blue potion.
Cireshan's ghost casts a spell at you. The magic dart hits you!
There is a shadowy altar of Dithmenos here.
Cireshan's ghost gestures at you while chanting.
The magic dart hits you! Cireshan's ghost casts a spell at you.
The magic dart hits you!
* * * LOW HITPOINT WARNING * * *
Cireshan's ghost gestures at you while chanting.
The magic dart hits you!
You die...

.. ##.....##....#
...#.......#...)#
...#!......#....###
#......_..........# .
#..#.......#......##..
#.....W.#..........
##.....##W.....##
#.####W####.#....#
####
#........@..#....#
#...
...###.#.###.#....#
#... #...#
#.#....######... ##.##
#.#............. ..
#.###########... ...
..# ........... #...
### ........... #...
...........
########...


You could see cireshan's ghost.

Vanquished Creatures
  Ijyb (D:2)
  3 adders (D:2)
  An orc (D:3)
  A giant cockroach (D:2)
  7 goblins
  A hobgoblin (D:1)
  4 kobolds
  5 bats
  5 giant newts
  4 jackals (D:1)
  12 rats
44 creatures vanquished.

Notes
Turn   | Place    | Note
--------------------------------------------------------------
     0 | D:1      | urechis the Merfolk Ice Elementalist began the quest for the Orb.
     0 | D:1      | Reached XP level 1. HP: 13/13 MP: 3/3
   429 | D:1      | Reached XP level 2. HP: 17/19 MP: 3/5
   527 | D:1      | Reached skill level 4 in Ice Magic
   889 | D:1      | Reached XP level 3. HP: 21/24 MP: 3/6
  1021 | D:2      | Noticed Ijyb
  1046 | D:2      | Killed Ijyb
  1046 | D:2      | Reached skill level 5 in Ice Magic
  1204 | D:2      | Reached XP level 4. HP: 25/30 MP: 3/7
  1643 | D:3      | Found an iron altar of Okawaru.
  1853 | D:3      | Noticed cireshan's ghost (average DECj)
  1859 | D:3      | Found a shadowy altar of Dithmenos.
  1871 | D:3      | Killed from afar by cireshan's ghost

Vault maps used:
D:1:      minmay_arrival_nine_rooms
D:2:      uniq_iyjb
D:3:      lemuel_coloured_pillars_altar, old_standard_altar, first_bread,
          okawaru_trees_1, uniq_crazy_yiuf_cottage

Action                   |  1- 3 |  4- 6 || total
-------------------------+-------+-------++-------
Melee: Unarmed           |    10 |       ||    10
       Dagger            |    32 |    11 ||    43
 Cast: Freeze            |    41 |    20 ||    61
 Stab: Sleeping          |       |     1 ||     1
  Eat: Chunk             |     2 |     2 ||     4
